 Dungeon Crawl Stone Soup version 0.28.0-53-g5a82cb258f (webtiles) character file.

Game seed: 15361224232873415560

40 Sin92 the Magician (level 3, 0/26 HPs)
             Began as a Demonspawn Hedge Wizard on July 15, 2022.
             Succumbed to an adder's poison
             ... on level 2 of the Dungeon.
             The game lasted 00:02:06 (1787 turns).

Sin92 the Magician (Demonspawn Hedge Wizard)        Turns: 1787, Time: 00:02:07

Health: 0/26       AC:  5    Str:  8 (10) XL:     3   Next: 30%
Magic:  7/7        EV: 12    Int: 14 (15) God:
Gold:   121        SH:  0    Dex: 12 (14) Spells: 7/8 levels left

rFire   . . .      SeeInvis .   a - +0 dagger
rCold   . . .      Faith    .   (no shield)
rNeg    . . .      Spirit   .   b - +0 robe
rPois   .          Reflect  .   c - +0 hat
rElec   .          Harm     .   (no cloak)
rCorr   .          Rampage  .   h - +0 pair of gloves
Will    .....                   (no boots)
Stlth   ++........              (no amulet)
HPRegen 0.08/turn               (no ring)
MPRegen 0.10/turn               (no ring)

@: lethally poisoned (0 -> -4)
A: thin metallic scales 1, weakness stinger 1
a: no special abilities


You were on level 2 of the Dungeon.
You visited 1 branch of the dungeon, and saw 2 of its levels.

You collected 121 gold pieces.

Inventory:

Hand Weapons
 a - a +0 dagger (weapon)
Armour
 b - a +0 robe (worn)
 c - a +0 hat (worn)
 h - a +0 pair of gloves (worn)


   Skills:
 + Level 1.1 Fighting
 + Level 2.2 Dodging
 - Level 1.7 Stealth
 + Level 3.2 Spellcasting
 + Level 1.6 Conjurations
 - Level 1.0 Summonings
 + Level 1.4 Translocations


You had 7 spell levels left.
You knew the following spells:

 Your Spells              Type           Power      Damage    Failure   Level
a - Magic Dart            Conj           28%        1d4       11%         1

Your spell library contained the following spells:

 Spells                   Type           Power      Damage    Failure   Level
 Blink                    Tloc           12%        N/A       19%         2
 Slow                     Hex            8%         N/A       22%         1
 Call Imp                 Summ           5%         N/A       22%         2
 Ensorcelled Hibernation  Hex/Ice        4%         N/A       32%         2
 Conjure Flame            Conj/Fire      4%         6-21      41%         3
 Mephitic Cloud           Conj/Pois/Air  3%         N/A       45%         3
 Spider Form              Tmut/Pois      2%         N/A       54%         3
 Anguish                  Hex/Necr       1%         N/A       91%         4


Dungeon Overview and Level Annotations

Branches:
Dungeon (2/15)

Altars:

Shops:
D:1 !


Innate Abilities, Weirdness & Mutations

You are partially covered in thin metallic scales. (AC +2)
You have a small tail.


Message History

There are monsters nearby!
You closely miss the adder.
Your tail-slap misses the adder.
The frilled lizard barely misses you. The adder bites you.
You miss the adder.
Your tail-slap misses the adder.
The adder bites you.
You are poisoned.
The adder poisons you! The frilled lizard bites you.
You feel sick.
You feel sick. The adder barely misses you.
You feel sick.
It was a potion of degeneration.
There was something very wrong with that liquid.
You feel weakened.
You feel dopey.
You feel clumsy.
You feel sick.
The adder bites you but does no damage. x2
You aren't carrying any pieces of jewellery.
Blink to where?
Press: ? - help, Dir - move target
As you read the scroll labelled KEGGEN GAECUDU, it crumbles to dust.
It was a scroll of blinking.
You feel sick.
You are no longer poisoned.
As you read the scroll labelled ZURHU CIURONA, it crumbles to dust.
You feel strangely unstable.
It was a scroll of teleportation.
As you read the scroll labelled FURINW FISOMUCH, it crumbles to dust.
It is a scroll of amnesia.
Really abort (and waste the scroll)? [Y]es or [N]o only, please.
Really abort (and waste the scroll)?
Okay, then.
The frilled lizard unfolds its giant frill.
The frilled lizard bites you. The adder bites you.
* * * LOW HITPOINT WARNING * * *
Your surroundings seem slightly different.
The adder bites you.
* * * LOW HITPOINT WARNING * * *
You are lethally poisoned!
The adder poisons you! The adder closely misses you.
* * * LOW HITPOINT WARNING * * *
You feel sick. The adder barely misses you.
The frilled lizard bites you but does no damage.
You die...

##.##.........# #.
............#.r ..#...
#...?.......#...#...#.
#.........#...#...#.
.# #...........#
..#...#..
#..........#.
#...#..#.
#...Sl.....#. #..#.#.
#...S....#....##
#....< ######@#.#...
..[#..... #.#.#
##.##.#.#.#. #.#..
..[.......#. #.#
####....#.###. #.#
########.#... #.#
#...#....#.#.
#.####.#.#.####.##
#......#.#.#....##
########.#...#####


You could see 2 adders, a frilled lizard and a rat (asleep).

Vanquished Creatures
  An adder (D:2)
  2 worms (D:2)
  A dart slug (D:1)
  An endoplasm (D:1)
  2 goblins (D:1)
  2 hobgoblins (D:1)
  2 jackals (D:1)
  4 ball pythons (D:1)
  4 bats
  3 frilled lizards (D:1)
  3 kobolds (D:1)
  2 rats (D:1)
27 creatures vanquished.

Vanquished Creatures (others)
  3 plants (D:2)
3 creatures vanquished.

Grand Total: 30 creatures vanquished

Notes
Turn   | Place    | Note
-------+----------+-------------------------------------------
     0 | D:1      | Sin92 the Demonspawn Hedge Wizard began the quest for the
                  | Orb.
     0 | D:1      | Reached XP level 1. HP: 13/13 MP: 4/4
   152 | D:1      | Reached skill level 1 in Translocations
   330 | D:1      | Gained mutation: You have a small tail. [demonic ancestry]
   330 | D:1      | Reached XP level 2. HP: 20/20 MP: 3/6
   673 | D:1      | Found Uliufax's Distillery.
   753 | D:1      | Found a faded altar of an unknown god.
  1316 | D:2      | Reached skill level 1 in Fighting
  1316 | D:2      | Gained mutation: You are partially covered in thin metallic
                  | scales. (AC +2) [demonic ancestry]
  1316 | D:2      | Reached XP level 3. HP: 25/26 MP: 1/7
  1786 | D:2      | HP: 1/26 [poisoned by an adder]
  1787 | D:2      | Succumbed to an adder's poison

Illustrated notes

Levels and vault maps discovered:
D:1:      mainiacjoe_arrival_reflecting_pool, layout_basic,
          hellmonk_ecumenical_altar_inner_sanctum, serial_shops,
          nicolae_shop_hallway_stairs, minmay_tetromino_o4
D:2:      layout_basic, corexii_shack, hex_medium

Skill      XL: |  1  2 |
---------------+-------+-----
Translocations | 1 |  1.4
Dodging        | 2 |  2.2
Fighting       | 1 |  1.1
Stealth        | |  1.7
Spellcasting   | |  3.2
Conjurations   | |  1.6
Summonings     | |  1.0

Action                   || total
-------------------------++-------
Melee: Dagger            ||    52
       Tailslap          ||     5
 Cast: Magic Dart        ||    41
  Use: Scroll            ||     3
       Potion            ||     1
 Stab: Sleeping          ||     4
Armor: Robe              ||    11
Dodge: Dodged            ||    31
